[Event "Titled Tuesday Blitz July 11 Early 2023"]
[White "Kleiman, Jake"]
[Black "Xavier_mompel"]
[WhiteFideId "2020041"]
[WhiteElo "2480"]
[BlackElo "2255"]
[Result "1-0"]
[Round "5"]
[TimeControl "180+2"]
[Date "2023.07.11"]
[WhiteClock "0:00:52"]
[BlackClock "0:00:00"]
[Board "161"]

1. d4 d5 2. Bf4 Nf6 3. e3 e6 4. Nf3 Bd6 5. Bd3 O-O 6. Bg3 c5 7. c3 Nc6 8. Ne5 Ne7 9. f4 b6 10. Nd2 Bb7 11. Bh4 Ne4 12. Nxe4 dxe4 13. Bc2 f6 14. Nc4 Nf5 15. Bf2 cxd4 16. cxd4 Bb4+ 17. Kf1 Ba6 18. b3 b5 19. Nd2 Bc3 20. Rc1 b4+ 21. Kg1 Bxd2 22. Qxd2 Qd5 23. g4 Nd6 24. Qxb4 Rac8 25. Kg2 Be2 26. Kg3 Bf3 27. Rhg1 h5 28. h3 hxg4 29. hxg4 Nf5+ 30. Kh2 Nh6 31. g5 Ng4+ 32. Kg3 fxg5 33. Qe7 gxf4+ 34. exf4 Qf5 35. Qg5 Qxg5 36. fxg5 Rc3 37. Be1 Re3 38. Bd2 Re2 39. Bf4 Rf5 40. Bb1 1-0


[Site "https://www.chess.com"]

[Event "Titled Tuesday Blitz July 11 Early 2023"]
[White "Matyukov, Petr"]
[Black "Magallanes, Rey Jomar"]
[WhiteFideId "4103688"]
[BlackFideId "5205948"]
[WhiteElo "2477"]
[BlackElo "2257"]
[Result "0-1"]
[Round "5"]
[TimeControl "180+2"]
[Date "2023.07.11"]
[WhiteClock "0:00:32"]
[BlackClock "0:02:03"]
[Board "162"]

1. d4 d5 2. c4 e6 3. Nc3 Nf6 4. cxd5 exd5 5. Bg5 Nbd7 6. e3 c6 7. Bd3 Be7 8. Qc2 O-O 9. Nge2 Re8 10. O-O Nf8 11. f3 g6 12. Kh1 Ne6 13. Bh4 b5 14. Rad1 a5 15. e4 dxe4 16. fxe4 Ng4 17. Bxe7 Qxe7 18. Rf3 Qh4 19. h3 Nf2+ 20. Rxf2 Qxf2 21. d5 Ng5 22. dxc6 Bxh3 23. gxh3 Qf3+ 24. Kg1 Nxh3+ 25. Kh2 Nf2 26. Rd2 Ng4+ 27. Kg1 Qf2+ 0-1


[Site "https://www.chess.com"]

[Event "Titled Tuesday Blitz July 11 Early 2023"]
[White "rionelG"]
[Black "Devaev, Alexander"]
[BlackFideId "4169395"]
[WhiteElo "2254"]
[BlackElo "2449"]
[Result "0-1"]
[Round "5"]
[TimeControl "180+2"]
[Date "2023.07.11"]
[WhiteClock "0:00:00"]
[BlackClock "0:01:34"]
[Board "163"]

1. e4 d6 2. d4 g6 3. Nc3 a6 4. Bg5 b5 5. Qd2 Bb7 6. O-O-O b4 7. Nd5 a5 8. f3 h6 9. Be3 c6 10. Nf4 Bg7 11. h4 Nd7 12. g4 e5 13. dxe5 dxe5 14. Nfe2 Qc7 15. h5 g5 16. Ng3 Ne7 17. N1e2 Rd8 18. Kb1 O-O 19. Qc1 c5 20. Nf5 Nxf5 21. gxf5 Nf6 22. Bxg5 hxg5 23. Rxd8 Qxd8 24. Qxg5 Nh7 25. Qg3 Qg5 26. Qxg5 Nxg5 27. Rg1 Bh6 28. f4 exf4 29. Nxf4 Bxe4 30. Bd3 Bxd3 31. cxd3 Rd8 32. f6 Kf8 33. Kc2 Nf3 34. Rg4 Ne1+ 35. Kd2 Nxd3 0-1


[Site "https://www.chess.com"]

[Event "Titled Tuesday Blitz July 11 Early 2023"]
[White "Marn, Jan"]
[Black "Kiselev, Pavel"]
[WhiteFideId "14619245"]
[BlackFideId "4191102"]
[WhiteElo "2420"]
[BlackElo "2230"]
[Result "0-1"]
[Round "5"]
[TimeControl "180+2"]
[Date "2023.07.11"]
[WhiteClock "0:00:00"]
[BlackClock "0:00:08"]
[Board "164"]

1. e4 c5 2. b3 Nc6 3. Bb2 d6 4. g3 e5 5. Bg2 Be7 6. Ne2 Nf6 7. O-O Be6 8. c3 O-O 9. d4 exd4 10. cxd4 cxd4 11. Nxd4 Nxd4 12. Qxd4 Ne8 13. Nc3 Bf6 14. Qd2 Nc7 15. Rad1 Rc8 16. f4 Bg4 17. Rde1 Re8 18. h3 Be6 19. Kh2 Qe7 20. Nd5 Bxd5 21. exd5 Qd8 22. Rxe8+ Nxe8 23. Ba3 Qb6 24. Rc1 Rxc1 25. Qxc1 Nc7 26. h4 g6 27. h5 Kg7 28. Bb2 Ne8 29. g4 gxh5 30. g5 Bxb2 31. Qxb2+ Kg8 32. Qe2 Qd8 33. Qxh5 Ng7 34. Qh3 Qe7 35. Qc8+ Ne8 36. Qxb7 Qxb7 0-1


[Site "https://www.chess.com"]

[Event "Titled Tuesday Blitz July 11 Early 2023"]
[White "Ruge, Edison"]
[Black "Mazurkiewicz, Michal"]
[WhiteFideId "4401000"]
[BlackFideId "1124943"]
[WhiteElo "2230"]
[BlackElo "2418"]
[Result "0-1"]
[Round "5"]
[TimeControl "180+2"]
[Date "2023.07.11"]
[WhiteClock "0:00:02"]
[BlackClock "0:00:46"]
[Board "165"]

1. e4 d6 2. d4 Nf6 3. Nc3 c6 4. Be2 e5 5. dxe5 dxe5 6. Qxd8+ Kxd8 7. Be3 b6 8. O-O-O+ Kc7 9. a3 Be6 10. Nf3 Nbd7 11. Ng5 Nc5 12. Bxc5 Bxc5 13. Nxe6+ fxe6 14. f3 Bd4 15. Nb1 Be3+ 16. Nd2 Rad8 17. c3 Rxd2 18. Rxd2 Rd8 19. Rd1 a5 20. a4 Rxd2 21. Rxd2 Nd7 22. Kc2 Bxd2 23. Kxd2 Nc5 24. Bd1 Kd6 25. b4 Na6 26. bxa5 bxa5 27. c4 Kc5 28. Kc3 Nb8 29. g3 g5 30. h4 gxh4 31. gxh4 Nd7 32. Bc2 Kd6 33. c5+ Kxc5 34. Bb3 Nb6 35. Bc2 Kd6 36. Kb3 Ke7 37. Bd3 Kf6 38. Ba6 Kg6 39. Bb7 c5 40. Ba6 Kh5 41. Bc4 Kxh4 42. Bxe6 h5 43. Bf7 Kg5 44. Kc3 h4 45. Be6 Kf4 46. Bg4 Kg3 47. Kd3 h3 48. Bxh3 Kxh3 49. f4 exf4 50. e5 f3 51. e6 f2 52. Ke2 Kg2 53. e7 f1=Q+ 0-1


[Site "https://www.chess.com"]

[Event "Titled Tuesday Blitz July 11 Early 2023"]
[White "Nikologorsky, Matfei"]
[Black "Larina, Maria"]
[WhiteFideId "24102474"]
[BlackFideId "24113182"]
[WhiteElo "2417"]
[BlackElo "2225"]
[Result "1-0"]
[Round "5"]
[TimeControl "180+2"]
[Date "2023.07.11"]
[WhiteClock "0:00:14"]
[BlackClock "0:00:00"]
[Board "166"]

1. e4 c6 2. d4 d5 3. Nc3 dxe4 4. Nxe4 Nf6 5. Nxf6+ exf6 6. c3 Bd6 7. Bd3 O-O 8. Ne2 Re8 9. O-O Nd7 10. Bf4 Nf8 11. Bxd6 Qxd6 12. Ng3 g6 13. Qd2 Kg7 14. f4 f5 15. Rae1 Be6 16. Qc2 Qd7 17. Re5 f6 18. Re2 Bf7 19. Rfe1 Rxe2 20. Rxe2 Re8 21. Nf1 Ne6 22. g3 c5 23. dxc5 Nxc5 24. Rd2 Qc6 25. b3 Ne4 26. Bxe4 fxe4 27. Ne3 b5 28. Rd4 f5 29. Qb2 Kg8 30. a4 a6 31. axb5 axb5 32. g4 Qc5 33. gxf5 gxf5 34. b4 Qc8 35. Kf1 Rd8 36. Qg2+ Kh8 37. Qg5 Rxd4 38. Qf6+ Kg8 39. Qxd4 Bc4+ 40. Kf2 Qe6 41. Qd8+ Kg7 42. Qg5+ Kf8 43. Nxf5 e3+ 44. Nxe3 Qe4 45. Qe5 Qb1 46. f5 Qb2+ 47. Kg3 Qe2 48. f6 Qe1+ 49. Kf4 Qf2+ 50. Ke4 1-0


[Site "https://www.chess.com"]

[Event "Titled Tuesday Blitz July 11 Early 2023"]
[White "SicilianPanzer"]
[Black "Rom, Jasper"]
[BlackFideId "2023733"]
[WhiteElo "2214"]
[BlackElo "2415"]
[Result "1-0"]
[Round "5"]
[TimeControl "180+2"]
[Date "2023.07.11"]
[WhiteClock "0:00:03"]
[BlackClock "0:00:03"]
[Board "167"]

1. e4 e6 2. d4 d5 3. Nc3 Nf6 4. e5 Nfd7 5. f4 c5 6. Nf3 Nc6 7. Be3 Be7 8. Ne2 Qb6 9. Rb1 O-O 10. c3 f6 11. dxc5 Bxc5 12. Bxc5 Qxc5 13. exf6 Nxf6 14. Ned4 Qd6 15. g3 Bd7 16. Bg2 Ne4 17. O-O Rae8 18. c4 dxc4 19. Nxc6 Qxd1 20. Rfxd1 Bxc6 21. Ne5 Bd5 22. Nxc4 Rc8 23. Ne3 Bc6 24. Rbc1 Nf6 25. Nc4 Bd5 26. Bxd5 exd5 27. Ne5 Rfd8 28. Kf2 Kf8 29. h3 Ke7 30. g4 Ke6 31. Ke3 h6 32. Nf3 Ne4 33. Nd4+ Kf7 34. Nf3 Nf6 35. Ne5+ Ke6 36. Kd4 g5 37. f5+ Ke7 38. Ng6+ Kf7 39. Ne5+ Kg7 40. Rc3 Rxc3 41. bxc3 Rc8 42. Rb1 b6 43. Rb5 Ne4 44. Rxd5 Nxc3 45. Rd7+ Kg8 46. Ng6 Nb5+ 47. Ke5 Rc6 48. Ne7+ Kf7 49. Nxc6+ Ke8 50. Re7+ Kf8 51. Rb7 Nc3 52. Kf6 Nd5+ 53. Kg6 Nf4+ 54. Kxh6 Nxh3 55. f6 Nf4 56. Ne5 Ke8 57. Rb8# 1-0


[Site "https://www.chess.com"]

[Event "Titled Tuesday Blitz July 11 Early 2023"]
[White "Kashefi, Amir Hosein"]
[Black "Matute Escobar, Roxanny"]
[WhiteFideId "12557935"]
[BlackFideId "3926028"]
[WhiteElo "2413"]
[BlackElo "2201"]
[Result "1-0"]
[Round "5"]
[TimeControl "180+2"]
[Date "2023.07.11"]
[WhiteClock "0:00:12"]
[BlackClock "0:00:11"]
[Board "168"]

1. Nf3 Nf6 2. d4 g6 3. Bg5 Bg7 4. Bxf6 Bxf6 5. e3 O-O 6. Nbd2 c5 7. c3 cxd4 8. exd4 Nc6 9. h4 d6 10. h5 e5 11. dxe5 Nxe5 12. Nxe5 dxe5 13. hxg6 fxg6 14. Bc4+ Kg7 15. Ne4 Qxd1+ 16. Rxd1 Be7 17. f3 Bf5 18. Bd5 Rad8 19. Ke2 b5 20. a3 a5 21. g4 Bc8 22. Rd2 Ba6 23. Kd1 b4 24. axb4 axb4 25. c4 b3 26. Ke2 Bb4 27. Rd3 h6 28. Ra1 Rxd5 29. cxd5 Bxd3+ 30. Kxd3 Rxf3+ 31. Kc4 Be7 32. d6 Bd8 33. Ra7+ Kf8 34. Kd5 h5 35. gxh5 gxh5 36. Rh7 h4 37. Rh8+ Kg7 38. Rxd8 h3 39. Rd7+ Kg6 40. Rd8 Kg7 41. Rc8 h2 42. Rc1 Rd3+ 43. Kxe5 Kf8 44. Rh1 Rh3 45. Ke6 Ke8 46. Ng5 Rh6+ 47. Ke5 Kd7 48. Kf5 Rxd6 49. Rxh2 Kc6 50. Rh3 Rd5+ 51. Kf4 Rd4+ 52. Kf5 Rd5+ 53. Kf6 Rd6+ 54. Kg7 Rd5 55. Ne6 Rd7+ 56. Kf6 Rb7 57. Rxb3 Ra7 58. Ke5 Ra5+ 59. Ke4 Kd6 60. Nd4 Ra4 61. Rb5 Kd7 62. b4 Kc7 63. Kd5 Ra6 64. Ne6+ Kc8 65. Rc5+ Kb7 66. Rb5+ Kc8 67. Nc5 Rh6 68. Ra5 Kc7 69. Ra7+ Kc8 70. Rg7 Rh5+ 71. Kc4 Rh6 72. b5 Kb8 73. Kb4 Kc8 74. Ka5 Rh5 75. Rg8+ Kc7 76. Rg5 Rxg5 77. Ne6+ Kb7 78. Nxg5 Kb8 79. Nf3 Kb7 80. Ne1 Kb8 81. Nd3 Ka8 82. Nc5 Kb8 83. b6 Kc8 84. Kb5 Kb8 85. Kc6 Kc8 86. b7+ Kb8 87. Nd7+ Ka7 88. b8=Q+ Ka6 89. Qb6# 1-0


[Site "https://www.chess.com"]

[Event "Titled Tuesday Blitz July 11 Early 2023"]
[White "Tagliata"]
[Black "Szyszylo, Rafal"]
[BlackFideId "1109626"]
[WhiteElo "2199"]
[BlackElo "2406"]
[Result "1-0"]
[Round "5"]
[TimeControl "180+2"]
[Date "2023.07.11"]
[WhiteClock "0:00:40"]
[BlackClock "0:00:01"]
[Board "169"]

1. e4 g6 2. d4 d6 3. Nc3 Nf6 4. Nf3 Bg7 5. Be2 O-O 6. O-O Bg4 7. h3 Bxf3 8. Bxf3 e5 9. Be3 Nc6 10. d5 Ne7 11. Qd2 Nd7 12. Ne2 f5 13. Bg5 f4 14. b4 Nf6 15. c4 h6 16. Bxf6 Bxf6 17. c5 h5 18. a4 Kg7 19. Qc3 Rf7 20. b5 Ng8 21. a5 dxc5 22. Qxc5 Be7 23. Qc3 Bd6 24. Nc1 Nf6 25. Nd3 Qe7 26. Rfc1 g5 27. Nc5 g4 28. Ne6+ Kh7 29. hxg4 hxg4 30. Be2 Rg8 31. b6 cxb6 32. axb6 axb6 33. Rab1 Kh8 34. Rxb6 Nxe4 35. Qb2 f3 36. Bd3 Nc5 37. Rxc5 Bxc5 38. Qxe5+ Qf6 39. Qh5+ Rh7 40. Qxh7# 1-0


[Site "https://www.chess.com"]

[Event "Titled Tuesday Blitz July 11 Early 2023"]
[White "Hernandez Bermudez, Ulises Eduardo"]
[Black "Lopez Gracia, Fernando"]
[WhiteFideId "3902510"]
[BlackFideId "2207184"]
[WhiteElo "2187"]
[BlackElo "2401"]
[Result "0-1"]
[Round "5"]
[TimeControl "180+2"]
[Date "2023.07.11"]
[WhiteClock "0:00:00"]
[BlackClock "0:00:42"]
[Board "170"]

1. e4 c5 2. c3 Nf6 3. e5 Nd5 4. d4 cxd4 5. Qxd4 e6 6. Bd3 Nc6 7. Qe4 f5 8. Qe2 Qc7 9. Nf3 b6 10. O-O Bb7 11. Rd1 Be7 12. Bxf5 Nxe5 13. Nxe5 exf5 14. Qh5+ g6 15. Nxg6 Nf6 16. Qh3 Rg8 17. Nxe7 Rxg2+ 18. Kf1 Rxh2 19. Qe3 Ne4 20. Nxf5 Rxf2+ 21. Ke1 Qh2 22. Nd6+ Kf8 0-1


[Site "https://www.chess.com"]

[Event "Titled Tuesday Blitz July 11 Early 2023"]
[White "cedchass2006"]
[Black "Ramu, K."]
[BlackFideId "5006171"]
[WhiteElo "2394"]
[BlackElo "2185"]
[Result "1-0"]
[Round "5"]
[TimeControl "180+2"]
[Date "2023.07.11"]
[WhiteClock "0:00:04"]
[BlackClock "0:00:00"]
[Board "171"]

1. e4 c5 2. Nf3 Nc6 3. Bb5 g6 4. Bxc6 bxc6 5. O-O Bg7 6. Re1 d6 7. h3 e5 8. c3 Ne7 9. d4 cxd4 10. cxd4 O-O 11. Nc3 h6 12. Be3 Be6 13. Qd2 Kh7 14. Rad1 Qa5 15. a3 Rab8 16. dxe5 dxe5 17. b4 Qa6 18. Bc5 Rfe8 19. Qe2 Qxa3 20. Qe3 Nc8 21. Ra1 Qb3 22. Nd2 Qc2 23. Rec1 Qxc1+ 24. Rxc1 h5 25. Bxa7 Bh6 26. Qe2 Nxa7 27. Nc4 Bxc4 28. Qxc4 Bxc1 29. Na4 Bh6 30. Qxf7+ Bg7 31. Qxa7 Rbd8 32. Nc5 Ra8 33. Qd7 Red8 34. Qe7 Rd1+ 35. Kh2 1-0


[Site "https://www.chess.com"]

[Event "Titled Tuesday Blitz July 11 Early 2023"]
[White "Gaal, Zsoka"]
[Black "Lisjak, Zlatko"]
[WhiteFideId "777765"]
[BlackFideId "14502186"]
[WhiteElo "2391"]
[BlackElo "2159"]
[Result "1-0"]
[Round "5"]
[TimeControl "180+2"]
[Date "2023.07.11"]
[WhiteClock "0:00:13"]
[BlackClock "0:00:00"]
[Board "172"]

1. g3 e5 2. Nf3 Nc6 3. Bg2 e4 4. Ng1 f5 5. d3 d5 6. c4 Bb4+ 7. Bd2 Nf6 8. Bxb4 Nxb4 9. a3 Na6 10. cxd5 e3 11. fxe3 Nxd5 12. Qd2 Nc5 13. Nc3 Nb3 14. Qd1 Nxa1 15. Bxd5 c6 16. Ba2 Qe7 17. Kf2 Be6 18. Qxa1 O-O-O 19. Bxe6+ Qxe6 20. Nf3 Rde8 21. Qc1 Qb3 22. Nd4 Qb6 23. b4 Kb8 24. Rf1 g6 25. Kg2 Re7 26. b5 c5 27. Nd5 Qd6 28. Nxe7 cxd4 29. exd4 Qxe7 30. Qf4+ Ka8 31. Qe5 Qd8 32. e4 Re8 33. Qd5 Qc7 34. exf5 gxf5 35. Rxf5 Qc2+ 36. Kh3 Qxd3 37. Rf7 1-0


[Site "https://www.chess.com"]

[Event "Titled Tuesday Blitz July 11 Early 2023"]
[White "HeinichessPY"]
[Black "Rian, Kapriaga"]
[BlackFideId "7103263"]
[WhiteElo "2152"]
[BlackElo "2391"]
[Result "0-1"]
[Round "5"]
[TimeControl "180+2"]
[Date "2023.07.11"]
[WhiteClock "0:00:07"]
[BlackClock "0:00:53"]
[Board "173"]

1. Nf3 d5 2. g3 c6 3. Bg2 Bg4 4. Ne5 Bh5 5. h4 Nd7 6. d4 f6 7. g4 Nxe5 8. gxh5 Nf7 9. Nc3 e6 10. Bf4 Bd6 11. Bxd6 Qxd6 12. Qd3 Ne7 13. O-O-O f5 14. Kb1 O-O-O 15. f3 e5 16. e4 dxe4 17. fxe4 exd4 18. Ne2 c5 19. exf5 Ne5 20. Qe4 N7c6 21. Nc3 Rhe8 22. Nb5 Qe7 23. Rhe1 a6 24. Na3 Kb8 25. Ka1 Qf7 26. Nb1 Nb4 27. b3 Qc7 28. Na3 Nec6 29. Qxe8 Rxe8 30. Rxe8+ Ka7 31. Nc4 Nxc2+ 32. Kb2 N2b4 33. Rde1 Qg3 34. Bxc6 Qc3+ 35. Kb1 Qc2+ 36. Ka1 Qxa2# 0-1


[Site "https://www.chess.com"]

[Event "Titled Tuesday Blitz July 11 Early 2023"]
[White "Tarnowska, Aleksandra"]
[Black "Llanos, Guillermo"]
[WhiteFideId "1180967"]
[BlackFideId "100358"]
[WhiteElo "2121"]
[BlackElo "2384"]
[Result "0-1"]
[Round "5"]
[TimeControl "180+2"]
[Date "2023.07.11"]
[WhiteClock "0:00:07"]
[BlackClock "0:00:36"]
[Board "175"]

1. e4 Nf6 2. e5 Nd5 3. d4 d6 4. c4 Nb6 5. exd6 cxd6 6. Nf3 g6 7. Nc3 Bg7 8. Be3 O-O 9. Rc1 Bg4 10. h3 Bxf3 11. Qxf3 Nc6 12. d5 Ne5 13. Qf4 Rc8 14. b3 e6 15. Bxb6 Qxb6 16. Be2 Qa5 17. O-O Nxc4 18. Bxc4 Bxc3 19. dxe6 d5 20. exf7+ Rxf7 21. Qg4 Rd8 22. Bd3 Bg7 23. Rc2 Qb6 24. Be2 Bd4 25. Bf3 h5 26. Qg5 Rf5 27. Qd2 Kg7 28. Rd1 Bc5 29. b4 Bxb4 30. Qd4+ Qxd4 31. Rxd4 Ba5 32. Rxd5 Rfxd5 33. Bxd5 Rxd5 34. Rb2 Bb6 35. a4 Rd1+ 36. Kh2 Ra1 37. Rd2 Rxa4 38. Rd7+ Kf6 39. Rxb7 Bxf2 40. Rb8 Bb6 41. Rf8+ Kg7 42. Rf1 Bc7+ 43. Kh1 Rc4 44. Rd1 a5 45. Kg1 a4 46. Kf2 a3 47. Rd7+ Kf6 48. Rd2 Ra4 49. Ra2 Be5 50. Kf3 Bb2 51. g4 hxg4+ 52. hxg4 Kg5 53. Ke2 Rxg4 54. Kd3 Kf4 55. Kc2 Rg3 56. Kd2 Rf3 57. Kc2 g5 58. Kd1 g4 59. Ke2 g3 60. Kd2 g2 61. Ra1 Bxa1 62. Ke2 Bd4 63. Ke1 g1=Q+ 64. Ke2 Qe3+ 65. Kd1 Rf1+ 66. Kc2 Rf2+ 67. Kd1 Qd2# 0-1


[Site "https://www.chess.com"]

[Event "Titled Tuesday Blitz July 11 Early 2023"]
[White "a-z30"]
[Black "Grigoryan, Meri"]
[BlackFideId "13300571"]
[WhiteElo "2380"]
[BlackElo "2141"]
[Result "1-0"]
[Round "5"]
[TimeControl "180+2"]
[Date "2023.07.11"]
[WhiteClock "0:01:27"]
[BlackClock "0:00:30"]
[Board "176"]

1. d3 d5 2. Nf3 Nf6 3. g3 c5 4. Bg2 Nc6 5. O-O g6 6. c4 Bg7 7. Nc3 d4 8. Na4 e5 9. Nxc5 O-O 10. Bg5 h6 11. Bxf6 Bxf6 12. a3 Bg7 13. b4 a6 14. Nd2 Qe7 15. Na4 f5 16. Nb6 Rb8 17. Nxc8 Rbxc8 18. c5 Kh7 19. Nc4 Rcd8 20. Nd6 Rxd6 21. cxd6 Qxd6 22. Bxc6 Qxc6 23. Rc1 Qf6 24. Rc7 Rf7 25. Qc2 Rxc7 26. Qxc7 b5 27. Rc1 e4 28. Rc6 Qg5 29. Rxa6 e3 30. f4 1-0


[Site "https://www.chess.com"]

[Event "Titled Tuesday Blitz July 11 Early 2023"]
[White "Calhoun, Luke"]
[Black "Bueno, Alfeu Junior Varela"]
[WhiteFideId "2064421"]
[BlackFideId "2108879"]
[WhiteElo "2119"]
[BlackElo "2379"]
[Result "0-1"]
[Round "5"]
[TimeControl "180+2"]
[Date "2023.07.11"]
[WhiteClock "0:00:00"]
[BlackClock "0:00:02"]
[Board "177"]

1. Nf3 e6 2. g3 b6 3. Bg2 Bb7 4. O-O f5 5. d4 Nf6 6. c4 Be7 7. Nc3 Ne4 8. d5 Nxc3 9. bxc3 O-O 10. Re1 Bf6 11. Qb3 e5 12. e4 fxe4 13. Nd2 d6 14. Nxe4 Nd7 15. Be3 Kh8 16. Rad1 Rb8 17. f4 h6 18. Nxf6 Qxf6 19. fxe5 Nxe5 20. Rf1 Qg6 21. Bd4 Rfe8 22. Bh3 Ba6 23. Bf5 Qh5 24. Bxe5 Rxe5 25. Bd3 Rbe8 26. Qc2 Bc8 27. Bg6 Qg5 28. Bxe8 Rxe8 29. Rde1 Rd8 30. Rf4 Bh3 31. Rfe4 Bd7 32. Re7 h5 33. Qe4 Bf5 34. Qf4 Qg6 35. Qh4 Rf8 36. Rf1 Kg8 37. Rf4 Bg4 38. Rxf8+ Kxf8 0-1


[Site "https://www.chess.com"]

[Event "Titled Tuesday Blitz July 11 Early 2023"]
[White "Mayaud, Raphael"]
[Black "campochess"]
[WhiteFideId "627151"]
[WhiteElo "2378"]
[BlackElo "2119"]
[Result "1-0"]
[Round "5"]
[TimeControl "180+2"]
[Date "2023.07.11"]
[WhiteClock "0:01:12"]
[BlackClock "0:01:53"]
[Board "178"]

1. d4 Nc6 2. d5 Ne5 3. Nf3 Ng6 4. e4 d6 5. Nc3 a6 6. a4 e5 7. dxe6 fxe6 8. e5 d5 9. Bd3 Bb4 10. Bxg6+ hxg6 11. Qd3 Ne7 12. Bg5 O-O 13. Bxe7 Qxe7 14. Qxg6 Bd7 15. Ng5 Qxg5 16. Qxg5 Rf5 17. Qg4 Rxe5+ 18. Kf1 Rf8 19. Qxb4 1-0


[Site "https://www.chess.com"]

[Event "Titled Tuesday Blitz July 11 Early 2023"]
[White "GAO"]
[Black "Winkels, Marcel"]
[BlackFideId "1003887"]
[WhiteElo "2377"]
[BlackElo "2097"]
[Result "1-0"]
[Round "5"]
[TimeControl "180+2"]
[Date "2023.07.11"]
[WhiteClock "0:00:06"]
[BlackClock "0:00:00"]
[Board "179"]

1. d4 Nf6 2. Nf3 g6 3. Bf4 d6 4. Nbd2 Nh5 5. Bg5 h6 6. Bh4 g5 7. Bg3 Nxg3 8. hxg3 Bg7 9. e4 Nc6 10. c3 Bg4 11. Bd3 e5 12. d5 Ne7 13. Bb5+ Bd7 14. Qa4 a6 15. Bxd7+ Qxd7 16. Qxd7+ Kxd7 17. g4 Ng6 18. g3 c6 19. c4 cxd5 20. cxd5 Rac8 21. Kd1 Rc7 22. Rc1 Rhc8 23. Rxc7+ Rxc7 24. b3 Ne7 25. Nc4 Nc8 26. Kd2 b5 27. Ne3 Ne7 28. Nh2 Bf8 29. Nf5 Nxf5 30. gxf5 Bg7 31. Ng4 Rc8 32. Rh2 Ke7 33. Nxh6 b4 34. Ng4 Rc3 35. Rh7 Bf6 36. Nh6 Ke8 37. Rxf7 Be7 38. Rh7 Rf3 39. Ng8 Bd8 40. Ke2 g4 41. Ra7 Rc3 42. f6 Rc2+ 43. Kd3 Rxf2 44. Kc4 Bxf6 45. Nxf6+ Rxf6 46. Rg7 Rf2 47. Kxb4 Rxa2 48. Rxg4 a5+ 49. Kc4 Rc2+ 50. Kb5 Rc3 51. Ka4 Re3 52. Kxa5 Rxb3 53. Rg6 Re3 54. Rxd6 Rxg3 55. Re6+ Kd7 56. Rxe5 Kd6 57. Re6+ Kd7 58. Kb5 Rc3 59. Kb4 Rc1 60. Ra6 1-0


[Site "https://www.chess.com"]

[Event "Titled Tuesday Blitz July 11 Early 2023"]
[White "cycygogne"]
[Black "Barbot, Pierre"]
[BlackFideId "663727"]
[WhiteElo "2108"]
[BlackElo "2374"]
[Result "1-0"]
[Round "5"]
[TimeControl "180+2"]
[Date "2023.07.11"]
[WhiteClock "0:00:17"]
[BlackClock "0:00:01"]
[Board "180"]

1. e4 c5 2. Nf3 g6 3. g3 Nc6 4. d4 cxd4 5. Nxd4 Bg7 6. Ne2 d6 7. Bg2 Nf6 8. O-O O-O 9. Nbc3 Rb8 10. h3 b5 11. Be3 a5 12. Kh2 Ne5 13. b3 Ba6 14. f4 Ned7 15. Qd2 Nc5 16. e5 Nfd7 17. exd6 Re8 18. Rad1 exd6 19. Nd5 Ne4 20. Qd3 Ndc5 21. Bxc5 Nxc5 22. Qf3 Bb7 23. Rfe1 b4 24. Nd4 Rxe1 25. Rxe1 Bxd4 26. f5 Bg7 27. f6 Bf8 28. Qf4 Ne6 29. Qh4 h5 30. g4 hxg4 31. hxg4 Ba6 32. Ne7+ Bxe7 33. fxe7 Qe8 34. Bd5 Rb5 35. Bxe6 fxe6 36. Rxe6 Bc8 37. Rf6 Re5 38. Rf8+ Qxf8 39. exf8=Q+ Kxf8 40. Qh8+ Kf7 41. Qxc8 Re2+ 42. Kg3 Re1 43. Qd7+ Kg8 44. Qxd6 1-0


[Site "https://www.chess.com"]

[Event "Titled Tuesday Blitz July 11 Early 2023"]
[White "Goldin, Roman"]
[Black "Tqebuchava, Zurab"]
[WhiteFideId "2803860"]
[BlackFideId "13601113"]
[WhiteElo "2374"]
[BlackElo "2055"]
[Result "1-0"]
[Round "5"]
[TimeControl "180+2"]
[Date "2023.07.11"]
[WhiteClock "0:00:10"]
[BlackClock "0:00:00"]
[Board "181"]

1. e4 g6 2. d4 Bg7 3. Nc3 c6 4. Bc4 d5 5. exd5 b5 6. Be2 b4 7. Na4 cxd5 8. Nf3 Nf6 9. O-O O-O 10. Bf4 Bg4 11. a3 bxa3 12. Rxa3 Bxf3 13. Bxf3 e6 14. c4 Nc6 15. Nc5 Rc8 16. Nb7 Qb6 17. Nd6 Rcd8 18. c5 Qxb2 19. Ra4 Ne8 20. Nxe8 Rfxe8 21. Be3 e5 22. dxe5 Nxe5 23. Bxd5 Qb8 24. Qb3 Qc7 25. h3 h5 26. Rc1 Rb8 27. Qc2 Qd7 28. Rd1 Red8 29. c6 Nxc6 30. Qxg6 Qxd5 31. Rxd5 fxg6 32. Rc5 Ne5 33. Rxa7 Rbc8 34. Rb5 Rd7 35. Raa5 Rcd8 36. Rxe5 Bxe5 37. Rxe5 Kf7 38. Kh2 Re7 39. Rxe7+ Kxe7 40. Bg5+ Kd7 41. Bxd8 Kxd8 42. Kg3 Ke7 43. Kf4 Kf6 44. h4 Ke6 45. Kg5 Kf7 46. g3 Kg7 47. f3 Kf7 48. Kh6 Kf6 49. Kh7 Kf7 50. f4 Kf6 51. Kg8 Kf5 52. Kg7 Kg4 53. Kxg6 Kxg3 54. Kxh5 1-0


[Site "https://www.chess.com"]

[Event "Titled Tuesday Blitz July 11 Early 2023"]
[White "Harriott, Tyrell"]
[Black "Goughfather"]
[WhiteFideId "2086484"]
[WhiteElo "2372"]
[BlackElo "2040"]
[Result "1-0"]
[Round "5"]
[TimeControl "180+2"]
[Date "2023.07.11"]
[WhiteClock "0:00:44"]
[BlackClock "0:00:00"]
[Board "182"]

1. d4 d5 2. e3 Nf6 3. Bd3 g6 4. f4 Bf5 5. Nf3 Bg7 6. O-O Nbd7 7. Nbd2 Ne4 8. Qe2 Ndf6 9. c4 e6 10. cxd5 exd5 11. Ne5 c6 12. Ndf3 O-O 13. b3 Nd6 14. Ba3 Bxd3 15. Qxd3 Re8 16. Nd2 Nfe4 17. Nef3 Nxd2 18. Nxd2 Ne4 19. Nxe4 Rxe4 20. Rf3 f5 21. Raf1 Qe8 22. h3 Qe6 23. Kh2 Re8 24. Bc1 a6 25. Rg1 h5 26. g4 hxg4 27. hxg4 Kf7 28. Rfg3 Bf6 29. gxf5 Qxf5 30. Kg2 Rh8 31. Kf1 Rh6 32. R3g2 Qh3 33. Qd1 Rh4 34. Bd2 Rh5 35. Qg4 Qxg4 36. Rxg4 Rh6 37. Kf2 Re8 38. R1g2 Reh8 39. Kg3 Rh3+ 40. Kf2 R8h6 41. Ke2 Be7 42. Be1 Rh2 43. Bf2 Rxg2 44. Rxg2 Ke6 45. Kf3 Kf5 46. Bg3 Rh3 47. Kf2 Bh4 48. Bxh4 Rxh4 49. Rg5+ Kf6 50. Re5 Rh2+ 51. Kf3 Rxa2 52. Re8 Rh2 53. Rb8 Rh3+ 54. Ke2 Rh2+ 55. Kd3 Kf5 56. Rxb7 g5 57. fxg5 Kxg5 58. Rb6 Rh6 59. Rxa6 Kf5 60. b4 Rd6 61. b5 Ke6 62. Rxc6 Rxc6 63. bxc6 Kd6 64. e4 dxe4+ 65. Kxe4 Kxc6 66. Ke5 Kc7 67. Ke6 Kc6 68. d5+ Kc7 69. Ke7 Kb6 70. d6 1-0


[Site "https://www.chess.com"]

[Event "Titled Tuesday Blitz July 11 Early 2023"]
[White "Ismayilova, Khanim"]
[Black "Ahn, Hongjin"]
[WhiteFideId "13429019"]
[BlackFideId "13201492"]
[WhiteElo "2032"]
[BlackElo "2370"]
[Result "0-1"]
[Round "5"]
[TimeControl "180+2"]
[Date "2023.07.11"]
[WhiteClock "0:00:39"]
[BlackClock "0:00:25"]
[Board "183"]

1. c4 c5 2. Nc3 Nc6 3. Nf3 Nf6 4. e3 e6 5. d4 d5 6. cxd5 exd5 7. Bb5 a6 8. Bxc6+ bxc6 9. O-O Bd6 10. Na4 cxd4 11. exd4 O-O 12. Bg5 h6 13. Bh4 Bg4 14. h3 Bh5 15. Nc3 Re8 16. Qd3 g5 17. Bg3 Bg6 18. Qd2 Ne4 19. Nxe4 dxe4 20. Ne5 Bxe5 21. Bxe5 Rxe5 22. f4 Rd5 23. Rad1 Qe7 24. fxg5 e3 25. Qe2 Rxg5 26. h4 Bh5 27. Qe1 e2 28. hxg5 Qe3+ 29. Kh1 exd1=Q 30. Qxe3 Qxf1+ 31. Kh2 hxg5 32. Qxg5+ Bg6 33. d5 cxd5 34. a4 Re8 35. b4 Re2 36. b5 axb5 37. axb5 Re1 38. Qxd5 Qg1+ 39. Kg3 Re3+ 40. Kg4 Re4+ 41. Kh3 Qh1+ 42. Kg3 Qh4+ 43. Kf3 Qf4# 0-1


[Site "https://www.chess.com"]